Map: Site Delta LE

Players

Trax

  • Race: Protoss Protoss
  • League: Diamond
  • Spawn Location: 11:00

SubN - Winner!

  • Race: Zerg Zerg
  • League: Diamond
  • Spawn Location: 5:00

VOD

Have the link to the VOD?

Description

Time

  • Played on: Nov. 18, 2023, 4:06 p.m.
  • Length: 8:37
Show
View Real Time Build Order
Export as new Build Order

Trax Protoss 

Build Orders: 1 Gate Expand, Double Forge, Oracle Opening 

Get SALT Encoding   

  12  0:00  Probe  
  13  0:12  Probe  
  14  0:20  Pylon  
  14  0:24  Probe  
  15  0:38  Probe  
  15  0:39  Gateway  
  16  0:48  Assimilator  
  16  0:51  Probe  
  17  1:03  Probe  
  18  1:15  Probe  
  19  1:24  Nexus  
  19  1:27  Probe  
  20  1:40  Cybernetics Core  
  20  1:43  Probe  
  21  1:52  Pylon  
  21  1:56  Probe  
  21  1:57  Assimilator  
  22  2:11  Gateway  
  22  2:13  Warp Gate (Chrono Boost), Probe  
  23  2:21  Adept  
  25  2:27  Probe  
  26  2:36  Probe  
  27  2:41  Stargate  
  27  2:45  Probe  
  28  2:51  Assimilator  
  28  2:53  Probe  
  29  2:59  Adept  
  29  3:00  Stalker  
  29  3:02  Probe  
  34  3:11  Probe  
  35  3:17  Probe  
  36  3:22  Oracle (Chrono Boost)  
  36  3:24  Probe  
  40  3:32  Pylon, Probe  
  41  3:40  Probe  
  42  3:47  Twilight Council  
  42  3:48  Probe  
  43  3:53  Oracle  
  46  3:56  Probe  
  46  3:59  Assimilator  
  46  4:02  Pylon  
  45  4:15  Probe x2  
  45  4:19  Stalker x2  
  49  4:27  Probe  
  50  4:36  Probe  
  50  4:37  Blink (Chrono Boost)  
  48  4:40  Phoenix  
  48  4:45  Probe  
  51  4:48  Probe  
  51  4:49  Pylon  
  52  4:57  Forge  
  52  4:59  Forge  
  53  5:00  Probe  
  53  5:01  Gateway  
  53  5:03  Sentry  
  53  5:04  Stalker  
  57  5:07  Phoenix  
  57  5:10  Probe  
  60  5:20  Probe  
  61  5:27  Probe  
  61  5:28  Protoss Ground Armor Level 1 (Chrono Boost), Protoss Ground Weapons Level 1 (Chrono Boost), Stalker x2  
  66  5:46  Probe x2  
  68  5:54  Pylon  
  68  5:57  Pylon  
  68  5:58  Probe  
  68  6:03  Probe  
  70  6:13  Probe  
  70  6:15  Probe  
  70  6:17  Stalker x3  
  78  6:33  Phoenix  
  78  6:35  Robotics Facility  
  78  6:37  Templar Archives  
  78  6:39  Probe  
  81  6:42  Probe  
  82  6:49  Stalker x2  
  86  6:55  Nexus  
  86  6:56  Pylon x2  
  86  6:58  Assimilator  
  86  7:01  Pylon  
  86  7:07  Gateway  
  86  7:18  Stalker x3  
  92  7:23  Probe x2  
  92  7:29  Immortal  
  98  7:33  Gateway  
  98  7:44  Stalker  
  100  7:56  Stalker x2  
  86  8:14  Stalker x2  
Show
View Real Time Build Order
Export as new Build Order

SubN Zerg - Winner!

Build Orders: Hatch First, Proxy Robo Inmortal Stalker All-in 

Get SALT Encoding   

  12  0:00  Drone  
  13  0:12  Overlord  
  13  0:16  Drone  
  14  0:30  Drone x2  
  16  0:48  Hatchery  
  15  0:54  Drone  
  15  0:55  Drone  
  17  0:59  Drone  
  17  1:02  Extractor  
  17  1:15  Spawning Pool  
  16  1:19  Drone  
  16  1:21  Drone  
  18  1:27  Drone  
  19  1:38  Drone  
  20  1:50  Overlord  
  20  2:02  Queen  
  20  2:03  Queen  
  20  2:04  Metabolic Boost  
  24  2:15  Zergling x6  
  26  2:19  Drone  
  26  2:21  Drone  
  29  2:26  Drone  
  30  2:35  Drone x2  
  32  2:40  Queen  
  34  2:44  Queen  
  34  2:48  Overlord  
  36  2:53  Overlord  
  36  3:13  Drone x4  
  36  3:14  Hatchery  
  36  3:18  Drone x2  
  41  3:29  Drone x4  
  45  3:44  Overlord  
  45  3:47  Overlord  
  45  3:51  Drone x5  
  45  3:53  Extractor  
  45  3:55  Extractor  
  47  4:15  Drone x6  
  52  4:17  Spore Crawler  
  52  4:19  Spore Crawler  
  45  4:34  Drone x3  
  46  4:43  Drone x2  
  46  4:44  Drone  
  49  4:46  Queen  
  49  4:48  Lair  
  49  4:49  Drone  
  49  4:50  Drone x2  
  54  4:54  Zergling x2  
  54  4:56  Zergling x2  
  54  4:59  Queen  
  58  5:08  Spore Crawler  
  57  5:15  Drone  
  57  5:17  Roach Warren, Overlord x4  
  57  5:18  Evolution Chamber x2  
  57  5:21  Spore Crawler  
  54  5:22  Queen  
  56  5:34  Overlord x2  
  56  5:38  Drone x3  
  59  5:52  Overseer  
  59  5:54  Overseer  
  59  5:56  Glial Reconstitution  
  59  5:57  Zerg Missile Weapons Level 1  
  59  5:58  Zerg Ground Armor Level 1  
  59  6:00  Roach  
  59  6:01  Roach x4  
  68  6:11  Roach  
  68  6:12  Roach x4  
  78  6:20  Roach  
  78  6:21  Roach x2  
  84  6:40  Overlord x2  
  84  6:43  Roach  
  84  6:44  Roach x5  
  96  6:47  Overlord x2  
  96  6:59  Drone  
  96  7:00  Drone  
  98  7:02  Spore Crawler  
  97  7:12  Drone x2  
  97  7:13  Baneling Nest  
  97  7:15  Drone x3  
  100  7:16  Extractor, Spore Crawler  
  100  7:18  Zergling x10  
  103  7:28  Overlord x2  
  103  7:29  Zergling x2  
  104  7:30  Zergling x4  
  106  7:49  Zergling x8  
  106  7:50  Zergling x14  
  110  8:11  Zergling x2  
  110  8:12  Zergling x18  
Tags
 
Add a new tag
Caveats
  • Supply blocks, unpowered buildings, or Contaminate may cause inaccurate times.
  • Supply counts are checked every 10 seconds.